 Dungeon Crawl Stone Soup version 0.31-a0-803-g95b03c3367 (webtiles) character file.

Game seed: 4642380362101553918

343 Newt the Skirmisher (level 6, -4/60 HPs)
             Began as a Kobold Hunter on Sept 20, 2023.
             Was an Initiate of Hepliaklqana.
             Slain by a howler monkey (5 damage)
             ... on level 7 of the Dungeon.
             The game lasted 00:03:41 (3477 turns).

Newt the Skirmisher (Kobold Hunter)                 Turns: 3477, Time: 00:03:41

Health: -4/60      AC: 23    Str:  7 (9)  XL:     6   Next: 88%
Magic:  6/6        EV:  3    Int:  9 (10) God:    Hepliaklqana [......]
Gold:   211        SH:  0    Dex: 18 (20) Spells: 5/5 levels left

rFire   . . .        a - +1 shortbow
rCold   . . .        (shield currently unavailable)
rNeg    . . .        c - melded +0 leather armour
rPois   +            (helmet currently unavailable)
rElec   .            (cloak currently unavailable)
rCorr   .            l - melded +1 pair of gloves
SInv    .            t - melded +0 pair of boots
Will    +....        g - amulet of magic regeneration
Stlth   +++          o - ring of willpower
HPRegen 0.30/turn    (no ring)
MPRegen 0.50/turn

%: no passive effects
@: tree-form
A: stationary, stasis, torment immunity, boosted hp, small, no large weapons,
nightstalker 3
a: Renounce Religion


You were on level 7 of the Dungeon.
You worshipped Hepliaklqana.
Hepliaklqana was noncommittal.
You were a tree.
You visited 1 branch of the dungeon, and saw 5 of its levels.

You collected 211 gold pieces.

Inventory:

Hand Weapons
 a - a +1 shortbow (weapon)
Armour
 c - a +0 leather armour (melded)
 l - a +1 pair of gloves (melded)
 t - a +0 pair of boots (melded)
Jewellery
 g - an amulet of magic regeneration (around neck)
 i - a ring of wizardry
 o - a ring of willpower (left branch)
Scrolls
 b - a scroll of butterflies
 d - a scroll of enchant weapon
 f - a scroll of teleportation
 m - a scroll of identify
 p - 2 scrolls of poison
 v - a scroll of enchant armour
Potions
 e - a potion of lignification
 h - 2 potions of enlightenment
 j - a potion of might
 k - a potion of attraction


   Skills:
 - Level 5.0 Fighting
 + Level 8.5 Ranged Weapons
 - Level 2.4 Dodging
 - Level 1.3 Stealth


You had 5 spell levels left.
You didn't know any spells.
Your spell library contained the following spells:

 Spells                   Type           Power      Damage    Failure   Level
 Blink                    Tloc           0%         N/A       52%         2
 Manifold Assault         Tloc           0%         N/A       99%         4


Dungeon Overview and Level Annotations

Branches:
Dungeon (4/15)
 Temple: D:4-7

Altars:
Ashenzari
Hepliaklqana


Innate Abilities, Weirdness & Mutations

You are a tree.
Your roots penetrate the ground, keeping you stationary.
You cannot be teleported.
You are immune to unholy pain and torment.
Your maximum health is greatly increased.
Your equipment is partially melded.
You are small and have problems with some larger weapons.
You are completely attuned to the shadows.


Message History

Unknown command.
You shoot an arrow.
The arrow closely misses the howler monkey.
The howler monkey hits you but does no damage.
The sky beast hits you but does no damage.
Unknown command.
You shoot an arrow.
The arrow closely misses the howler monkey.
The howler monkey hits you but does no damage.
The sky beast hits you.
* * * LOW HITPOINT WARNING * * *
The sky beast shocks you.
* * * LOW HITPOINT WARNING * * *
You shoot an arrow.
The arrow closely misses the howler monkey.
You hear the slow hiss of an avalanche of sand.
The centaur wields a +0 shortbow.
The centaur shoots an arrow.
The arrow hits you but does no damage.
The howler monkey hoots and howls with incredible vigour!
The centaur shoots an arrow.
The arrow hits you but does no damage.
The sky beast hits you but does no damage.
You hear a shout!
Unknown command.
Unknown command.
Unknown command.
The air fills with toxic fumes!
As you read the scroll of poison, it crumbles to dust.
The howler monkey hits you but does no damage.
The centaur shoots an arrow.
The arrow hits you but does no damage.
The howler monkey hoots and howls with incredible vigour!
The sky beast hits you but does no damage.
Unknown command.
Unknown command.
Unknown command.
You shoot an arrow. The arrow barely misses the sky beast.
The howler monkey hoots and howls with incredible vigour!
The centaur shoots an arrow.
The arrow hits you.
* * * LOW HITPOINT WARNING * * *
The howler monkey hits you.
You die...

#.....
#.....
#.....
#..... #...#
##..## #c.##
§§#§## #.#
#§§§♣## #..#
###§Yh###...
#§§#§Y#..#.#
#§###§.§...#
h§ #.§##....
..... ...#
##.## ##..
.= ##


You could see an ice beast, a sky beast, a centaur and 2 howler monkeys.

Vanquished Creatures
  A bullfrog (D:7)
  2 jellies (D:4)
  A sleepcap (D:4)
  An orc wizard (D:3)
  6 gnolls (D:4)
  3 adders
  3 dart slugs
  7 orcs (D:3)
  6 ball pythons
  9 endoplasms
  3 giant cockroaches
  7 goblins
  7 hobgoblins
  6 kobolds
  3 quokkas
  2 bats (D:3)
  3 frilled lizards (D:1)
  5 rats
75 creatures vanquished.

Notes
Turn   | Place    | Note
-------+----------+-------------------------------------------
     0 | D:1      | Newt the Kobold Hunter began the quest for the Orb.
     0 | D:1      | Reached XP level 1. HP: 12/12 MP: 1/1
   160 | D:1      | Reached XP level 2. HP: 17/19 MP: 2/2
   629 | D:1      | Reached XP level 3. HP: 23/23 MP: 3/3
  1369 | D:2      | Reached XP level 4. HP: 30/30 MP: 4/4
  1856 | D:3      | Found a hazy altar of Hepliaklqana.
  1862 | D:3      | Became a worshipper of Hepliaklqana the Forgotten
  1900 | D:3      | Reached skill level 5 in Fighting
  1900 | D:3      | Reached XP level 5. HP: 29/35 MP: 5/5
  2129 | D:3      | Identified the +3 mace of a Labyrinth {flame, rPois Str+3}
  2304 | D:3      | Reached skill level 6 in Ranged Weapons
  2361 | D:3      | Found a faded altar of an unknown god.
  3060 | D:4      | Reached skill level 7 in Ranged Weapons
  3060 | D:4      | Reached XP level 6. HP: 40/40 MP: 6/6
  3254 | D:4      | Found a broken altar of Ashenzari.
  3391 | D:4      | Reached skill level 8 in Ranged Weapons
  3425 | D:4      | You fall into a shaft and drop 3 floors!
  3448 | D:7      | Noticed a sky beast
  3451 | D:7      | Noticed an ice beast
  3477 | D:7      | HP: 1/60 [centaur/arrow (5)]
  3477 | D:7      | Slain by a howler monkey

Illustrated notes

Levels and vault maps discovered:
D:1:      dpeg_arrival_round_b, layout_loops_corners
D:2:      layout_loops_ring
D:3:      layout_basic, nicolae_hepliaklqana_hazy_memory,
          nicolae_ecumenical_pavilion, serial_bayou_crossing
D:4:      layout_rooms, mainiacjoe_overflow_alcove_2, kennysheep_generic_room_10
D:7:      layout_rooms, lemuel_crystal_altar, enter_ossuary_5,
          gammafunk_ghost_wrathful_warriors

Skill      XL: |  1  2  3  4  5  6 |
---------------+-------------------+-----
Fighting       | 3 4 5 |  5.0
Ranged Weapons | 7 8 |  8.5
Dodging        | |  2.4
Stealth        | |  1.3

Action                     |  1- 3 |  4- 6 || total
---------------------------+-------+-------++-------
   Fire: Shortbow          |    71 |   147 ||   218
    Use: Scroll            |     8 |     9 ||    17
         Potion            |       |     5 ||     5
 Armour: Leather armour    |     9 |    40 ||    49
         Skin              |       |    64 ||    64
  Dodge: Dodged            |    17 |    45 ||    62

Table legend: (Time is in decaauts)
 A = Elapsed time spent in this place.
 B = Non-inter-level travel time spent in this place.
 C = Inter-level travel time spent in this place.
 D = Time resting spent in this place.
 E = Time spent auto-exploring this place.
 F = Levels seen in this place.
 G = Mean time per level.
                   A        B        C        D        E       F      G
               +--------+--------+--------+--------+--------+-----+--------+
         Total |   3517 |   3421 |     96 |    102 |   2856 |   5 |  703.4 |
       Dungeon |   3517 |   3421 |     96 |    102 |   2856 |   5 |  703.4 |
               +--------+--------+--------+--------+--------+-----+--------+

Top non-repeatable levels by time:
     D:3: 1153 daAuts
     D:1: 1103 daAuts
     D:2: 642 daAuts
     D:4: 566 daAuts
     D:7: 51 daAuts
